Map: Dusk Towers

Players

LilDicky

  • Race: Terran Terran
  • League: Diamond

Aan - Winner!

  • Race: Terran Terran
  • League: Diamond

VOD

http://www.twitch.tv/tumescentpie

Description

Time

  • Played on: Dec. 10, 2015, 9:33 a.m.
  • Length: 7:18
Show
View Real Time Build Order
Export as new Build Order

LilDicky Terran 

Build Orders:  

Get SALT Encoding   

  12  0:02  SCV  
  13  0:15  SCV  
  13  0:19  Supply Depot  
  14  0:27  SCV  
  15  0:31  Refinery  
  15  0:40  SCV  
  16  0:45  Barracks  
  16  0:52  SCV  
  17  1:04  SCV  
  17  1:10  Refinery  
  18  1:16  SCV  
  19  1:32  Orbital Command  
  19  1:33  Reaper  
  19  1:34  Supply Depot  
  20  1:57  Factory  
  20  2:01  SCV  
  21  2:05  Marine  
  22  2:16  SCV  
  23  2:26  Command Center  
  23  2:28  SCV  
  24  2:32  Marine  
  25  3:06  Starport  
  25  3:08  Factory Tech Lab, Marine  
  26  3:15  SCV  
  26  3:28  SCV  
  27  3:36  Command Center  
  27  3:40  SCV  
  29  3:42  Orbital Command  
  28  3:52  SCV  
  28  3:53  Banshee  
  32  3:56  Widow Mine  
  32  3:59  Marine  
  35  4:04  SCV  
  36  4:16  SCV  
  37  4:17  Marine  
  37  4:22  SCV  
  31  4:45  Banshee  
  31  4:47  Hellion, Marine  
  28  5:04  Orbital Command  
  28  5:05  SCV  
  29  5:21  Supply Depot  
  29  5:22  SCV  
  28  5:33  SCV x2  
  28  5:34  Factory Tech Lab, Starport Tech Lab  
  30  5:40  Factory  
  30  5:41  Factory  
  30  5:42  Factory  
  30  5:43  SCV, Orbital Command  
  30  5:45  SCV  
  30  5:47  Refinery x2  
  32  5:54  Banshee  
  32  5:55  SCV  
  36  6:00  SCV  
  29  6:19  Orbital Command  
  29  6:21  SCV  
  29  6:24  Cyclone  
  29  6:25  SCV  
  34  6:29  Hellion x3  
  40  6:34  SCV  
  40  6:37  SCV, Viking  
  44  6:46  SCV  
  45  6:50  Hellion  
  44  6:55  SCV  
Show
View Real Time Build Order
Export as new Build Order

Aan Terran - Winner!

Build Orders: Cyclone Opening 

Get SALT Encoding   

  12  0:01  SCV  
  13  0:13  SCV  
  14  0:20  Supply Depot  
  14  0:25  SCV  
  15  0:41  SCV  
  16  0:44  Barracks  
  16  0:53  SCV  
  16  0:54  Refinery  
  17  0:57  Refinery  
  17  1:05  SCV  
  18  1:18  SCV  
  19  1:35  Orbital Command  
  19  1:40  Factory  
  19  1:48  Supply Depot  
  19  1:55  Marine  
  19  1:59  Factory  
  20  2:03  SCV  
  20  2:13  Barracks Reactor  
  20  2:19  SCV  
  21  2:29  Factory Tech Lab  
  21  2:31  SCV  
  21  2:37  Supply Depot  
  22  2:43  SCV  
  23  2:51  Cyclone  
  26  2:57  SCV  
  27  3:03  Hellion x2  
  30  3:10  Mag-Field Accelerator  
  30  3:11  SCV  
  30  3:23  SCV  
  30  3:25  Supply Depot  
  33  3:27  Cyclone  
  34  3:35  SCV  
  34  3:36  Hellion  
  34  3:37  Hellion  
  39  3:47  SCV  
  40  3:49  Supply Depot  
  40  3:59  SCV  
  40  4:00  Starport  
  41  4:26  Hellion x2, Cyclone  
  41  4:29  Liberator  
  45  4:47  SCV  
  49  4:59  Command Center  
  46  5:09  Cyclone  
  46  5:10  Hellion x2  
  41  5:36  Hellion x2  
  41  5:42  SCV  
  46  5:43  Command Center  
  46  5:44  Starport Reactor  
  46  5:48  Cyclone  
  49  5:54  SCV  
  50  6:06  Refinery x2  
  42  6:21  Hellion x2  
  42  6:22  Cyclone  
  42  6:25  Orbital Command  
  49  6:29  SCV  
  50  6:39  Factory  
  50  6:41  SCV  
Tags
 
Add a new tag
Caveats
  • Supply blocks, unpowered buildings, or Contaminate may cause inaccurate times.
  • Supply counts are checked every 10 seconds.